 Dungeon Crawl Stone Soup version 0.30.1-11-g7821555f0a (webtiles) character file.

Game seed: 3106443589073082898

9 booth the Trooper (level 2, 0/24 HPs)
             Began as a Demonspawn Monk on Dec 28, 2023.
             Frozen to death by an endoplasm (3 damage)
             ... on level 1 of the Dungeon.
             The game lasted 00:01:03 (77 turns).

booth the Trooper (Demonspawn Monk)                   Turns: 77, Time: 00:01:04

Health: 0/24       AC:  3    Str: 11    XL:     2   Next: 6%
Magic:  2/2        EV: 13    Int: 11    God:
Gold:   20         SH:  0    Dex: 15    Spells: 1/1 levels left

rFire   . . .        a - +0 hand axe
rCold   . . .        d - orb {light}
rNeg    . . .        b - +0 robe
rPois   .            (no helmet)
rElec   .            (no cloak)
rCorr   .            (no gloves)
SInv    .            (no boots)
Will    .....        (no amulet)
Stlth   +            (no ring)
HPRegen 0.24/turn    (no ring)
MPRegen 0.08/turn

%: no passive effects
@: glowing
A: rugged brown scales 1
a: no special abilities


You were on level 1 of the Dungeon.
You visited 1 branch of the dungeon, and saw 1 of its levels.

You collected 20 gold pieces.

Inventory:

Hand Weapons
 a - a +0 hand axe (weapon)
Armour
 b - a +0 robe (worn)
 d - an orb of light (worn)
Scrolls
 f - 2 scrolls of enchant armour {unknown}
 g - a scroll of identify {unknown}
Potions
 c - a potion of ambrosia
 e - a potion of heal wounds {unknown}


   Skills:
 + Level 3.2 Fighting
 + Level 2.9 Axes
 + Level 2.9 Dodging


You had one spell level left.
You didn't know any spells.
Your spell library was empty.

Dungeon Overview and Level Annotations

Branches:
Dungeon (1/15)

Altars:


Innate Abilities, Weirdness & Mutations

You are partially covered in rugged brown scales. (AC +1, +3% HP)


Message History

You hit the goblin. The goblin hits you but does no damage.
The giant cockroach misses you.
You barely miss the giant cockroach. You hit the endoplasm.
You barely miss the goblin. You hit the jackal.
You kill the jackal!
The giant cockroach bites you. The endoplasm freezes you.
You are frozen.
The goblin closely misses you.
A dart slug comes into view.
You hit the giant cockroach.
The giant cockroach is heavily wounded.
You hit the endoplasm.
You kill the endoplasm!
You hit the goblin but do no damage. The giant cockroach bites you.
The goblin hits you with a +0 club. The giant cockroach closely misses you.
You have reached level 2!
Your demonic ancestry asserts itself...
Rugged brown scales grow over part of your body.
You barely miss the giant cockroach.
The giant cockroach is heavily wounded.
You hit the goblin.
You kill the goblin!
The giant cockroach barely misses you. The endoplasm freezes you.
You are frozen.
* * * LOW HITPOINT WARNING * * *
You barely miss the giant cockroach.
The giant cockroach is heavily wounded.
You hit the dart slug. You hit the endoplasm.
The giant cockroach closely misses you. The endoplasm misses you.
The dart slug launches a dart at you. The slug dart hits you.
* * * LOW HITPOINT WARNING * * *
You hit the dart slug.
The dart slug is severely wounded.
You hit the giant cockroach but do no damage.
You hit the endoplasm but do no damage. The giant cockroach barely misses you.
The endoplasm freezes you.
You are frozen.
You die...

#..# ### ... ##..##....
..#.###.........
..#......†#
####..######..# .#
.....######..# #..# #
#....#......)# #..# ...
#††).+.......# #..#
....##w@###.....#.###..#
#....JB.########.##..##
.....#............#..#.#
........##.#.#####..#...
...####.##.#... ##..#.#
.. ..##.#.#.# ##..## .
#####+#.#.# #....# ..# #
#....# ..# #.....#


You could see a dart slug, an endoplasm and a giant cockroach.

Vanquished Creatures
  An endoplasm (D:1)
  2 goblins (D:1)
  2 jackals (D:1)
  A quokka (D:1)
  2 rats (D:1)
8 creatures vanquished.

Notes
Turn   | Place    | Note
-------+----------+-------------------------------------------
     0 | D:1      | booth the Demonspawn Monk began the quest for the Orb.
     0 | D:1      | Reached XP level 1. HP: 18/18 MP: 1/1
    75 | D:1      | Gained mutation: You are partially covered in rugged brown
                  | scales. (AC +1, +3% HP) [demonic ancestry]
    75 | D:1      | Reached XP level 2. HP: 9/24 MP: 2/2
    77 | D:1      | Frozen to death by an endoplasm

Illustrated notes

Levels and vault maps discovered:
D:1:      psy_arrival_dodecagon, layout_basic, nicolae_figureground_pulse

Action                     || total
---------------------------++-------
  Melee: Hand axe          ||    15
 Armour: Robe              ||     2
  Dodge: Dodged            ||    18
